 Dungeon Crawl Stone Soup version 0.27-a0-58-g0ec5f8ab93 (webtiles) character file.

Game seed: 8058371164715902993

135 Descartes the Sneak (level 4, -1/21 HPs)
             Began as a Felid Monk on Jan 8, 2021.
             Killed from afar by an orc wizard (5 damage)
             ... with a magic dart
             ... on level 3 of the Dungeon.
             The game lasted 00:04:38 (3983 turns).

Descartes the Sneak (Felid Monk)                    Turns: 3983, Time: 00:04:39

Health: -1/21      AC:  1    Str:  8    XL:     4   Next: 96%
Magic:  5/5        EV: 21    Int: 11    God:
Gold:   162        SH:  0    Dex: 19    Spells: 3/3 levels left
                                        Lives:  0   Deaths: 1

rFire    . . .     SeeInvis +     - Unarmed
rCold    . . .     Faith    .   (shield unavailable)
rNeg     . . .     Spirit   .   (armour unavailable)
rPois    .         Reflect  .   (helmet unavailable)
rElec    .         Harm     .   (cloak unavailable)
rCorr    .         Rampage  .   (gloves unavailable)
Will     .....                  (boots unavailable)
Stlth    ++++......             (no amulet)
HPRegen  0.07/turn              (no ring)
MPRegen  0.09/turn              (no ring)

@: quick
A: very small, no armour, no weapons or thrown items, stealth, claws 1, fangs 3,
see invisible, speed 1, shaggy fur 1, sharp paws
a: no special abilities


You were on level 3 of the Dungeon.
You visited 1 branch of the dungeon, and saw 3 of its levels.

You collected 162 gold pieces.

Inventory:

Missiles
 n - a stone
 s - 11 arrows
Jewellery
 i - an uncursed amulet of magic regeneration {unknown}
Scrolls
 c - a scroll of fog {unknown}
 e - a scroll of immolation {unknown}
 f - a scroll of magic mapping {unknown}
 g - a scroll of remove curse {unknown}
 h - a scroll of noise {unknown}
 j - a scroll of enchant weapon {unknown}
 m - a scroll of teleportation {unknown}
 r - a scroll of enchant armour {unknown}
Potions
 b - a potion of mutation {unknown}
 d - a potion of resistance {unknown}
 l - a potion of brilliance {unknown}
 o - a potion of curing
 p - 2 potions of flight
 q - a potion of haste {unknown}


   Skills:
 - Level 3.0 Fighting
 + Level 5.4 Dodging
 * Level 6.5 Stealth
 + Level 4.1 Unarmed Combat


You had 3 spell levels left.
You didn't know any spells.
Your spell library was empty.

Dungeon Overview and Level Annotations

Branches:
Dungeon (3/15)

Altars:
Dithmenos
Kikubaaqudgha
Qazlal
Trog
Vehumet
Yredelemnul
The Shining One

Annotations:
D:3 1 runed translucent door


Innate Abilities, Weirdness & Mutations

You cannot wear armour.
You are incapable of wielding weapons or throwing items.
Your paws allow you to move quietly. (Stealth)
You have sharp claws.
You have razor-sharp teeth.
You have supernaturally acute eyesight. (SInv)
You cover ground quickly.
You are covered in fur. (AC +1)
Your sharp claws are effective at attacking unaware monsters.


Message History

You are too injured to fight recklessly!
You are too injured to fight recklessly!
A worm comes into view.
The orc wizard points at you and mumbles some strange words.
The puff of frost misses you.
The orc wizard gestures at you while chanting.
The puff of frost hits you.
* * * LOW HITPOINT WARNING * * *
The orc wizard miscasts a cantrip.
The orc wizard looks braver for a moment.
You catch the helpless orc completely off-guard!
You claw the orc!
You kill the orc!
The orc wizard looks satisfied for a moment.
Things that are here:
a +2 hand axe of freezing; an orc corpse The orc wizard looks satisfied for a moment.
The orc wizard casts a spell at you. The magic dart hits you.
You die...

#.# #.......# #.#
#.#####.# #.#####.#
#.......# ###########.####
.o.o.....##....# #####
.#######o#####)### ##...##
.# #..o.)o...# ##.....##
.#
#######.#@#######.......#
.# ###.#.......[..._...#
.# #..........<#.......##
w# #.#.######.###.....##.
.#
####.#.######o####...##..
#........))...##.#####.##
##.##.#.#########.#.......
#...#.#[#########.#...#.##
#.......................##


You could see 2 orc wizards.

Vanquished Creatures
  A human zombie (D:3)
  2 orc priests (D:3)
  An orc wizard (D:3)
  2 adders
  5 worms
  3 dart slugs
  3 leopard geckos
  7 orcs (D:3)
  4 giant cockroaches
  8 goblins
  8 hobgoblins
  2 quokkas
  2 ball pythons
  11 bats
  4 frilled lizards
  A goblin zombie (D:3)
  A jackal zombie (D:3)
  5 kobolds
  2 rats
72 creatures vanquished.

Notes
Turn   | Place    | Note
-------+----------+-------------------------------------------
     0 | D:1      | Descartes the Felid Monk began the quest for the Orb.
     0 | D:1      | Reached XP level 1. HP: 10/10 MP: 2/2
     3 | D:1      | Noticed an electric eel
   163 | D:1      | Reached skill level 3 in Stealth
   187 | D:1      | Reached XP level 2. HP: 14/14 MP: 3/3
  1166 | D:2      | Found a stormy altar of Qazlal.
  1168 | D:2      | Found a glowing golden altar of the Shining One.
  1176 | D:2      | Found a bloodstained altar of Trog.
  1176 | D:2      | Found a shadowy altar of Dithmenos.
  1176 | D:2      | Found an ancient bone altar of Kikubaaqudgha.
  1208 | D:2      | Reached skill level 4 in Stealth
  1217 | D:2      | Reached XP level 3. HP: 17/17 MP: 4/4
  2108 | D:3      | Reached XP level 4. HP: 21/21 MP: 5/5
  2453 | D:3      | Noticed a human
  2454 | D:3      | Found a runed translucent door.
  2575 | D:3      | HP: 1/21 [orc priest/+0 club (1)]
  2926 | D:3      | Found a radiant altar of Vehumet.
  2932 | D:3      | Reached skill level 5 in Stealth
  3035 | D:3      | Reached skill level 5 in Dodging
  3358 | D:3      | Found a basalt altar of Yredelemnul.
  3361 | D:3      | Reached XP level 5. HP: 24/24 MP: 6/6
  3663 | D:3      | Reached skill level 6 in Stealth
  3680 | D:3      | Slain by an orc priest
  3681 | D:3      | Reached XP level 4. HP: -3/21 MP: 5/5
  3983 | D:3      | Killed from afar by an orc wizard

Illustrated notes

Levels and vault maps discovered:
D:1:      arrival_aquarium_a, layout_basic
D:2:      layout_loops_cross, grunt_temple_overflow_open
D:3:      layout_loops_ring, nicolae_overflow_crystal_walls,
          lemuel_zombie_altar_yredelemnul, lemuel_round_altar,
          dk_yredelemnul_ordeal

Skill      XL: |  1  2  3  4  5 |
---------------+----------------+-----
Stealth        | 3 4 5 6 |  6.5
Dodging        | 5 |  5.4
Unarmed Combat | 4 |  4.1
Fighting       | |  3.0

Action                   |  1- 3 |  4- 6 || total
-------------------------+-------+-------++-------
Melee: Unarmed           |   115 |   127 ||   242
       Bite              |     7 |     9 ||    16
  Use: Scroll            |       |     2 ||     2
       Potion            |       |     1 ||     1
 Stab: Sleeping          |    18 |     3 ||    21
       Distracted        |       |     2 ||     2
Armor: Skin              |     4 |     1 ||     5
Dodge: Dodged            |   110 |    96 ||   206

Table legend: (Time is in decaauts)
 A = Elapsed time spent in this place.
 B = Non-inter-level travel time spent in this place.
 C = Inter-level travel time spent in this place.
 D = Time resting spent in this place.
 E = Time spent auto-exploring this place.
 F = Levels seen in this place.
 G = Mean time per level.
                   A        B        C        D        E       F      G
               +--------+--------+--------+--------+--------+-----+--------+
         Total |   3624 |   3460 |    164 |    187 |   2668 |   3 | 1208.0 |
       Dungeon |   3624 |   3460 |    164 |    187 |   2668 |   3 | 1208.0 |
               +--------+--------+--------+--------+--------+-----+--------+

Top non-repeatable levels by time:
     D:2: 1582 daAuts
     D:3: 1025 daAuts
     D:1: 1016 daAuts
